 Dungeon Crawl Stone Soup version 0.30-a0-591-g3c58d2bc28 (webtiles) character file.

Game seed: 9241479345420165952

74 M4edhros the Charlatan (level 4, -3/29 HPs)
             Began as an Octopode Artificer on Jan 5, 2023.
             Slain by a gnoll
             ... wielding a +0 whip
              (7 damage)
             ... on level 3 of the Dungeon.
             The game lasted 00:02:03 (536 turns).

M4edhros the Charlatan (Octopode Artificer)          Turns: 536, Time: 00:02:04

Health: -3/29      AC:  1    Str: 11    XL:     4   Next: 30%
Magic:  4/4        EV: 13    Int: 13    God:
Gold:   71         SH:  0    Dex: 14    Spells: 3/3 levels left

rFire   . . .      SeeInvis .      - Unarmed
rCold   . . .      Faith    .    (no shield)
rNeg    . . .      Spirit   .    (helmet restricted)
rPois   .          Reflect  .    (no amulet)
rElec   .          Harm     .    g - ring of wizardry
rCorr   .          Rampage  .    (no ring)
Will    .....                    (no ring)
Stlth   +++                      (no ring)
HPRegen 0.24/turn                (no ring)
MPRegen 0.09/turn                (no ring)
                                 (no ring)
                                 (no ring)

@: no status effects
A: almost no armour, amphibious, 8 rings, camouflage 1, gelatinous body 1,
(nimble swimmer 1), tentacles
a: no special abilities


You were on level 3 of the Dungeon.
You visited 1 branch of the dungeon, and saw 3 of its levels.

You collected 71 gold pieces.

Inventory:

Missiles
 a - 2 curare-tipped darts
Jewellery
 g - a ring of wizardry (left tentacle)
Wands
 b - a wand of flame (9) (quivered)
 c - a wand of charming (11)
 d - a wand of iceblast (5)
Scrolls
 e - 2 scrolls of identify {unknown}
 h - a scroll of amnesia {unknown}
Potions
 f - a potion of heal wounds {unknown}


   Skills:
 + Level 1.8 Fighting
 + Level 2.7 Dodging
 + Level 2.5 Stealth
 * Level 2.0 Unarmed Combat
 + Level 3.8 Evocations


You had 3 spell levels left.
You didn't know any spells.
Your spell library was empty.

Dungeon Overview and Level Annotations

Branches:
Dungeon (3/15)

Altars:

Annotations:
D:3 1 transporter, Decipherer's ghost, amateur MiBe


Innate Abilities, Weirdness & Mutations

You cannot wear most types of armour.
You are amphibious.
You can wear up to eight rings at the same time.
Your skin changes colour to match your surroundings (Stealth+).
Your rubbery body absorbs attacks. (AC +1, EV +1)
((You are camouflaged when in or above water. (Stealth+)))
You have tentacles for arms and can constrict up to eight enemies at once.


Message History

Your gnoll barely misses the gnoll.
A ball python comes into view.
Something hits your gnoll.
Your gnoll dies!
Found a bubbling clear potion.
Found a mace.
Found a transporter.
The orc shouts!
e - 2 scrolls labelled BOSESS QAMEFU (gained 1)
Aiming: Throw Flame
Press: ? - help, Shift-Dir - straight line, f - gnoll
Aim: a gnoll, wielding a +0 spear (heavily wounded, 75% to hit)
The puff of flame hits the gnoll!
You kill the gnoll!
Decipherer's ghost whispers, "You will understand me better in a moment."
You have reached level 4!
The gnoll closely misses you.
Things that are here:
a +0 spear; a gnoll corpse You closely miss the gnoll.
Your grab misses the gnoll. Your squeeze misses the gnoll.
The gnoll hits you with a +0 flail!
You closely miss the gnoll. You grab the gnoll. Your squeeze misses the gnoll.
You constrict the gnoll. The gnoll hits you with a +0 flail!
* * * LOW HITPOINT WARNING * * *
You tentacle-slap the gnoll.
The gnoll is lightly wounded.
You constrict the gnoll. The gnoll barely misses you.
Unknown command.
Aiming: Throw Flame
Press: ? - help, Shift-Dir - straight line, f - gnoll
Aim: a gnoll, wielding a +0 flail (heavily wounded, constricted by you, 100% to hit)
The puff of flame hits the gnoll.
The gnoll is almost dead.
You constrict the gnoll.
You kill the gnoll!
Your Unarmed Combat skill increases to level 2!
Aiming: Charm
Press: ? - help, Shift-Dir - straight line, f - gnoll
Aim: a gnoll, wielding a +0 whip (chance to affect: 67%)
The gnoll struggles to resist.
The gnoll hits you with a +0 whip!
You die...

# #.8#..# #.. ### #)##..#... S#
#.# #.# ......#..##.##
#.#####.## .©...W#©.. ..#
#.##...... #. ....ww#..##.!#
##.##.##.## ..#.. #.##.o#..#...#
#.........# ..#8.##.##.8#..#.#.#
#.#######.# ..##.......##......#
#.# .. ...#########...#@### #.#
.# ...............#g# #.# .#
#.............##.## #.# .#
#.........####)..#####.# .#
+!........g.gg.........# ####..
#.........####...#####..........
##.......## ##.## #######..#
##.....## #.# #.# ##...## #.#
#<#


You could see Decipherer's ghost, a gnoll, 2 dart slugs, an orc and a ball
python (asleep).

Vanquished Creatures
  Robin (D:2)
  2 gnolls (D:3)
  A dart slug (D:1)
  3 orcs (D:3)
  A bat (D:3)
  An endoplasm (D:3)
  2 giant cockroaches
  6 goblins (D:2)
  4 hobgoblins
  6 jackals (D:2)
  3 quokkas
  2 ball pythons (D:1)
  A kobold (D:2)
  A rat (D:3)
34 creatures vanquished.

Vanquished Creatures (others)
  A gnoll (D:3)
  2 goblins (D:2)
3 creatures vanquished.

Grand Total: 37 creatures vanquished

Notes
Turn   | Place    | Note
-------+----------+-------------------------------------------
     0 | D:1      | M4edhros the Octopode Artificer began the quest for the
                  | Orb.
     0 | D:1      | Reached XP level 1. HP: 13/13 MP: 1/1
    99 | D:1      | Reached XP level 2. HP: 12/18 MP: 2/2
   182 | D:2      | Reached skill level 1 in Unarmed Combat
   232 | D:2      | Noticed Robin
   270 | D:2      | Killed Robin
   271 | D:2      | Reached XP level 3. HP: 18/23 MP: 3/3
   525 | D:3      | Found a transporter.
   526 | D:3      | Noticed Decipherer's ghost (amateur MiBe)
   529 | D:3      | Reached XP level 4. HP: 22/29 MP: 4/4
   536 | D:3      | Slain by a gnoll

Illustrated notes

Levels and vault maps discovered:
D:1:      ebering_hopf_link, layout_basic, chequers_serial_rivers_large_a
D:2:      layout_loops_ring, serial_glass, glass_columns_b, glass_columns_a,
          feat_on_display, feat_on_display, due_unseen_surprise,
          shapermc_ecumenical_altar_ellora, minmay_increasing_density,
          uniq_robin
D:3:      cheibrodos_fertilizer, layout_loops_corners, gammafunk_ghost_arena

Skill      XL: |  1  2  3  4 |
---------------+-------------+-----
Unarmed Combat | 1 2 |  2.0
Stealth        | 2 |  2.5
Fighting       | |  1.8
Dodging        | |  2.7
Evocations     | |  3.8

Action                   |  1- 3 |  4- 6 || total
-------------------------+-------+-------++-------
Melee: Unarmed           |    72 |     3 ||    75
       Constrict         |    25 |     1 ||    26
       Tentacles         |    17 |       ||    17
       Punch             |     1 |       ||     1
Evoke: Wand              |     8 |     2 ||    10
 Stab: Sleeping          |     5 |       ||     5
Armor: Skin              |    11 |       ||    11
Dodge: Dodged            |    37 |     2 ||    39

Table legend: (Time is in decaauts)
 A = Elapsed time spent in this place.
 B = Non-inter-level travel time spent in this place.
 C = Inter-level travel time spent in this place.
 D = Time resting spent in this place.
 E = Time spent auto-exploring this place.
 F = Levels seen in this place.
 G = Mean time per level.
                   A        B        C        D        E       F      G
               +--------+--------+--------+--------+--------+-----+--------+
         Total |    533 |    528 |      5 |      0 |    152 |   3 |  177.7 |
       Dungeon |    533 |    528 |      5 |      0 |    152 |   3 |  177.7 |
               +--------+--------+--------+--------+--------+-----+--------+

Top non-repeatable levels by time:
     D:2: 238 daAuts
     D:3: 183 daAuts
     D:1: 110 daAuts
